AoeStats
← cmd

Hideout

503179328Analyzed
3v3 RM · 1mo ago on Aug 30, 2026· 41m 32s· 6 players
Game mode
Random Map
Map size
Normal (6 player)
Population
200
Speed
Normal
Resources
Standard
Victory
Conquest
Starting age
Dark Age
Ending age
Imperial Age
RankedLock teamsTeams togetherTeam positionsShared explorationLock speedFull tech treeHidden civsTurbo modeCheats
Victory
Defeat
🇧🇷 Ethiopians · Brazil
995
+14
🇧🇷 Malay · Brazil
964
+15
🇧🇷 Poles · Brazil
918
+17
🇩🇪 Japanese · Germany
972
-17
🇩🇪 Franks · Germany
964
-16
🇩🇪 Goths · Germany
904
-13
helo
6:54 Loom
9:40 Feudal Age
13:22 Horse Collar
13:29 Double-Bit Axe
13:49 Fletching
15:17 Wheelbarrow
19:06 Castle Age
20:12 Crossbowman
21:28 Gold Mining
25:03 Hand Cart
25:39 Bodkin Arrow
26:38 Thumb Ring
27:26 Bow Saw
28:15 Padded Archer Armor
29:52 Gold Shaft Mining
30:42 Ballistics
34:50 Imperial Age
34:08 Leather Archer Armor
37:03 Arbalester
38:50 Chemistry
37:33 Treadmill Crane
cmd
12:28 Loom
14:14 Feudal Age
15:21 Double-Bit Axe
18:22 Castle Age
16:27 Horse Collar
19:44 Bow Saw
21:10 Wheelbarrow
20:49 Gold Mining
20:50 Stone Mining
21:03 Heavy Plow
24:50 Stone Shaft Mining
23:40 Pikeman
26:37 Squires
27:49 Hand Cart
29:15 Anarchy
29:19 Scale Mail Armor
29:30 Forging
31:40 Iron Casting
31:20 Chain Mail Armor
34:46 Imperial Age
35:02 Elite Huskarl
35:44 Perfusion
36:05 Conscription
35:16 Halberdier
37:00 Blast Furnace
36:39 Crop Rotation
37:13 Two-Man Saw
noname
11:45 Feudal Age
12:07 Loom
12:25 Double-Bit Axe
14:13 Loom
15:42 Wheelbarrow
18:48 Castle Age
19:43 Bow Saw
19:38 Gold Mining
22:21 Hand Cart
22:25 Husbandry
22:38 Husbandry
22:32 Town Watch
24:32 Stone Mining
27:34 Forging
27:29 Scale Barding Armor
29:07 Scale Mail Armor
29:39 Ballistics
32:37 Imperial Age
30:59 Chain Mail Armor
31:20 Iron Casting
32:52 #83
32:59 Cavalier
34:14 Chain Barding Armor
34:24 Plate Mail Armor
34:55 Blast Furnace
35:08 Gold Shaft Mining
35:19 Conscription
35:51 Siege Engineers
36:48 Chemistry
36:00 Masonry
35:27 Heavy Scorpion
37:35 Plate Barding Armor
37:31 Elite Throwing Axeman
38:40 Pikeman
39:20 Squires
39:06 Arson
39:07 Gambesons
40:59 Paladin
Casca
11:14 Feudal Age
15:08 Castle Age
16:34 Wheelbarrow
15:46 Double-Bit Axe
18:21 Horse Collar
20:55 Loom
24:23 Hand Cart
26:05 Gold Mining
26:18 Heavy Plow
29:56 Imperial Age
27:44 Squires
28:14 Arson
27:51 Man-at-Arms
28:46 Forging
28:37 Scale Mail Armor
29:35 Bow Saw
28:58 Long Swordsman
30:16 Iron Casting
30:23 Royal Heirs
31:05 Chain Mail Armor
30:12 Capped Ram
31:17 Conscription
31:37 Gold Shaft Mining
31:13 Elite Shotel Warrior
33:14 Blast Furnace
34:04 Siege Ram
34:28 Onager
36:54 Plate Mail Armor
37:35 Chemistry
40:46 Siege Onager
41:50 Torsion Engines
Du
11:44 Feudal Age
16:53 Castle Age
16:52 Wheelbarrow
19:08 Double-Bit Axe
19:06 Horse Collar
25:51 Bow Saw
25:43 Heavy Plow
27:24 Bloodlines
27:16 Husbandry
26:39 Light Cavalry
29:18 Szlachta Privileges
29:30 Treadmill Crane
34:17 Imperial Age
32:11 Gold Mining
32:15 Stone Mining
33:41 Hand Cart
33:15 Loom
33:54 Fletching
34:15 Forging
34:10 Scale Barding Armor
34:38 Bodkin Arrow
34:30 Cavalier
35:36 Conscription
35:22 Town Watch
36:16 Iron Casting
36:45 Lechitic Legacy
36:19 Winged Hussar
37:39 Crop Rotation
37:15 Bracer
37:23 Town Patrol
37:45 Chain Barding Armor
38:26 Elite Obuch
41:28 Stone Shaft Mining
jean.andrey
0:31 Loom
11:48 Feudal Age
16:48 Castle Age
15:04 Horse Collar
16:44 Double-Bit Axe
30:07 Imperial Age
28:57 Wheelbarrow
28:11 Man-at-Arms
28:52 Squires
28:37 Arson
29:12 Bow Saw
29:05 Heavy Plow
28:47 Elite Skirmisher
29:41 Thumb Ring
30:57 Forced Levy
31:22 Conscription
31:40 Long Swordsman
33:42 Crop Rotation
33:25 Forging
33:07 Fletching
33:18 Padded Archer Armor
33:01 Two-Handed Swordsman
35:01 Iron Casting
35:30 Chemistry
34:26 Murder Holes
34:12 Treadmill Crane
35:12 Hand Cart
35:45 Gold Mining
38:54 Blast Furnace
40:28 Bodkin Arrow
Connection lost

Rejoining the realm…

Still unreachable

The connection could not be restored.

Session expired

The server has moved on; the page needs a fresh start.